 Dungeon Crawl Stone Soup version 0.28-a0-1594-ga885d4b3d6 (webtiles) character file.

Game seed: 6016289749520210714

77 a3don the Magician (level 4, 0/31 HPs)
             Began as a Djinni Venom Mage on Jan 21, 2022.
             Slain by a bullfrog skeleton (3 damage)
             ... on level 3 of the Dungeon.
             The game lasted 00:06:11 (4009 turns).

a3don the Magician (Djinni Venom Mage)              Turns: 4009, Time: 00:06:11

Health: 0/31       AC:  3    Str:  7    XL:     4   Next: 58%
Gold:   132        EV: 12    Int: 19    God:
                   SH:  0    Dex: 13

rFire   + + .      SeeInvis .   a - +2 dagger (venom)
rCold   x . .      Faith    .   (no shield)
rNeg    . . .      Spirit   .   g - +0 robe
rPois   ∞          Reflect  .   (no helmet)
rElec   .          Harm     .   (no cloak)
rCorr   .          Rampage  .   j - +0 pair of gloves
Will    .....                   (boots unavailable)
Stlth   ++........              (no amulet)
HPRegen 0.10/turn               (no ring)
MPRegen 0.00/turn               (no ring)

@: flying, very slightly contaminated
A: sickness immunity, fire resistance 2, cold vulnerability 1, float, innate
caster, hp casting, extra vitality 1
a: no special abilities


You were on level 3 of the Dungeon.
You visited 1 branch of the dungeon, and saw 3 of its levels.

You collected 132 gold pieces.

Inventory:

Hand Weapons
 a - a +2 dagger of venom (weapon)
 b - a +0 hunting sling
Missiles
 f - 5 poisoned darts (quivered)
 k - 20 sling bullets
Armour
 g - a +0 robe (worn)
 j - a +0 pair of gloves (worn)
Scrolls
 d - a scroll of teleportation {unknown}
 i - 3 scrolls of identify {unknown}
Potions
 c - a potion of mutation {unknown}
 e - a potion of degeneration {unknown}
 h - a potion of magic {unknown}
 l - a potion of brilliance {unknown}
 m - 2 potions of curing {unknown}


   Skills:
 - Level 2.1 Dodging
 - Level 1.5 Stealth
 + Level 3.9 Spellcasting


You couldn't memorise any spells.
You knew the following spells:

 Your Spells              Type           Power      Damage    Failure   Level
a - Sting                 Tmut/Pois      72%        1d6       2%          1
b - Poisonous Vapours     Pois/Air       36%        N/A       4%          2
c - Mephitic Cloud        Conj/Pois/Air  18%        N/A       9%          3
d - Olgreb's Toxic Radia  Pois           18%        N/A       26%         4
e - Pain                  Necr           72%        1d7       2%          1
Your spell library was empty.

Dungeon Overview and Level Annotations

Branches:
Dungeon (3/15)

Altars:
Fedhas

Annotations:
D:3 3 runed translucent doors


Innate Abilities, Weirdness & Mutations

You are immune to sickness and miasma.
You are immune to poison.
Your flesh is very heat resistant. (rF++)
You are vulnerable to cold. (rC-)
You float through the air rather than walking.
You learn spells naturally, not from books.
Your magical power is your life essence.
You have superior vitality. (+4 MHP)


Message History

The bullfrog skeleton is lightly damaged.
The bullfrog skeleton hits you. The bullfrog skeleton hits you.
The bullfrog skeleton hits you but does no damage.
The bullfrog skeleton hits you but does no damage.
The bullfrog skeleton misses you.
The bullfrog skeleton hits you but does no damage.
The bullfrog skeleton hits you.
The bullfrog skeleton closely misses you.
Casting: Sting (safe; 2% risk of failure)
Confirm with . or Enter, or press ? or * to list all spells.
Okay, then.
The bullfrog skeleton misses you. The bullfrog skeleton hits you.
You barely miss the bullfrog skeleton.
The bullfrog skeleton is lightly damaged.
The bullfrog skeleton barely misses you.
The bullfrog skeleton hits you.
* * * LOW HITPOINT WARNING * * *
You barely miss the bullfrog skeleton.
The bullfrog skeleton is lightly damaged.
The bullfrog skeleton hits you.
* * * LOW HITPOINT WARNING * * *
You completely miss the bullfrog skeleton.
The bullfrog skeleton is lightly damaged.
The bullfrog skeleton misses you.
The bullfrog skeleton barely misses you.
Casting: Sting (safe; 2% risk of failure)
Confirm with . or Enter, or press ? or * to list all spells.
Aiming: Sting (safe; 2% risk of failure)
Press: ? - help, Shift-Dir - straight line, f/p - bullfrog skeleton
Aim: a bullfrog skeleton (lightly damaged, 91% to hit)
You miscast Sting.
You are very lightly contaminated with residual magic.
Nothing appears to happen.
* * * LOW HITPOINT WARNING * * *
The bullfrog skeleton hits you.
* * * LOW HITPOINT WARNING * * *
The bullfrog skeleton hits you.
You die...

#..##.# ##########...###...
#..##.# #.#...###.. #..##.#
#.##....#### #..##.#
#.##..#....[ #..##.#
#####.##.#######
#..##.#########...............
#..##.........#.###.#...######
#...............# #.......# #
#.###########@#######...#.####
####.# #.Z...............
.....# ##########........
###### #########


You could see a bullfrog skeleton.

Vanquished Creatures
  An adder (D:3)
  3 worms
  A dart slug (D:2)
  3 ball pythons
  6 bats
  4 endoplasms (D:1)
  4 giant cockroaches
  10 goblins
  6 hobgoblins
  3 jackals (D:3)
  3 kobolds (D:1)
  A quokka (D:2)
  2 frilled lizards
  3 rats
50 creatures vanquished.

Notes
Turn   | Place    | Note
-------+----------+-------------------------------------------
     0 | D:1      | a3don the Djinni Venom Mage began the quest for the Orb.
     0 | D:1      | Reached XP level 1. HP: 15/15 MP: 0/0
   266 | D:1      | Found a faded altar of an unknown god.
   270 | D:1      | Reached XP level 2. HP: 18/21 MP: 0/0
   299 | D:1      | Reached skill level 3 in Spellcasting
   666 | D:1      | Reached XP level 3. HP: 22/25 MP: 0/0
   666 | D:1      | Learned a level 1 spell: Pain
  1338 | D:2      | Found a blossoming altar of Fedhas.
  2116 | D:2      | Reached XP level 4. HP: 13/31 MP: 0/0
  3347 | D:3      | Found a runed translucent gate.
  3348 | D:3      | Found a runed translucent gate.
  3348 | D:3      | Found a runed translucent gate.
  4009 | D:3      | Slain by a bullfrog skeleton

Illustrated notes

Levels and vault maps discovered:
D:1:      dpeg_arrival_windows_large_door, layout_basic,
          hellmonk_ecumenical_altar_pennies_from_heaven
D:2:      layout_basic, basic_altar
D:3:      layout_loops_ring, gammafunk_ghost_icy, minmay_fountain_box, hex_tiny,
          serial_bayou_crossing

Skill      XL: |  1  2 |
---------------+-------+-----
Spellcasting   | 3 |  3.9
Dodging        | |  2.1
Stealth        | |  1.5

Action                   |  1- 3 |  4- 6 || total
-------------------------+-------+-------++-------
Melee: Dagger            |    10 |    17 ||    27
 Fire: Hunting sling     |       |     4 ||     4
Throw: Dart              |     1 |       ||     1
 Cast: Sting             |    35 |     6 ||    41
       Poisonous Vapours |    36 |    13 ||    49
Armor: Robe              |     6 |     6 ||    12
Dodge: Dodged            |    17 |    20 ||    37

Table legend: (Time is in decaauts)
 A = Elapsed time spent in this place.
 B = Non-inter-level travel time spent in this place.
 C = Inter-level travel time spent in this place.
 D = Time resting spent in this place.
 E = Time spent auto-exploring this place.
 F = Levels seen in this place.
 G = Mean time per level.
                   A        B        C        D        E       F      G
               +--------+--------+--------+--------+--------+-----+--------+
         Total |   4004 |   3949 |     55 |   1537 |   1856 |   3 | 1334.7 |
       Dungeon |   4004 |   3949 |     55 |   1537 |   1856 |   3 | 1334.7 |
               +--------+--------+--------+--------+--------+-----+--------+

Top non-repeatable levels by time:
     D:2: 1836 daAuts
     D:1: 1242 daAuts
     D:3: 926 daAuts
